 Dungeon Crawl Stone Soup version 0.27.1-3-gb3d3a73c9e (webtiles) character file.

Game seed: 12391419132478450014

518 Descartes the Skirmisher (level 7, -2/59 HPs)
             Began as a Formicid Wanderer on Oct 16, 2021.
             Slain by a wyvern skeleton (10 damage)
             ... on level 5 of the Dungeon.
             The game lasted 00:07:47 (5558 turns).

Descartes the Skirmisher (Formicid Wanderer)        Turns: 5558, Time: 00:07:47

Health: -2/59      AC: 10    Str: 17    XL:     7   Next: 45%
Magic:  7/7        EV:  7    Int: 10    God:
Gold:   154        SH:  0    Dex: 13    Spells: 6/6 levels left

rFire    . . .     SeeInvis +   a - +2 falchion
rCold    . . .     Faith    .   (no shield)
rNeg     . . .     Spirit   .   o - +0 chain mail
rPois    .         Reflect  .   (helmet unavailable)
rElec    .         Harm     .   (no cloak)
rCorr    .         Rampage  .   x - +0 pair of gloves
Will     .....                  (no boots)
Stlth    ..........             (no amulet)
HPRegen  0.19/turn              (no ring)
MPRegen  0.10/turn              (no ring)

@: no status effects
A: permanent stasis, dig shafts and tunnels, antennae 3, four strong arms
a: Dig, Shaft Self


You were on level 5 of the Dungeon.
You visited 1 branch of the dungeon, and saw 5 of its levels.

You collected 154 gold pieces.

Inventory:

Hand Weapons
 a - a +2 falchion (weapon)
 b - a +0 hand crossbow
 r - a +2 dagger of freezing
 v - a +0 hand axe
 w - a +0 shortbow
Missiles
 c - 13 poisoned darts (quivered)
 f - 8 boomerangs
 h - 44 sling bullets
 j - 228 stones
 l - 29 arrows
Armour
 o - a +0 chain mail (worn)
 x - a +0 pair of gloves (worn)
Magical Staves
 g - a staff of cold
Scrolls
 d - 2 scrolls of identify {unknown}
 i - 2 scrolls of enchant armour {unknown}
 t - a scroll of torment {unknown}
 y - a scroll of acquirement {unknown}
 z - a scroll of brand weapon {unknown}
 A - a scroll of blinking {unknown}
 B - a scroll of teleportation {unknown}
 C - a scroll of silence {unknown}
Potions
 e - a potion of heal wounds {unknown}
 k - 2 potions of attraction {unknown}
 m - a potion of degeneration {unknown}
 n - a potion of lignification {unknown}
 p - 2 potions of haste {unknown}
 q - 2 potions of curing
 s - 2 potions of berserk rage {unknown}
 u - a potion of magic {unknown}


   Skills:
 + Level 6.8 Fighting
 + Level 4.7 Long Blades
 + Level 1.0 Throwing
 + Level 4.1 Armour
 + Level 0.2 Dodging
 + Level 4.2 Stealth


You had 6 spell levels left.
You didn't know any spells.
Your spell library contained the following spells:

 Spells                   Type           Power      Damage    Failure   Level
 Slow                     Hex            0%         N/A       100%        2
 Confusing Touch          Hex            0%         N/A       100%        3
 Yara's Violent Unravell  Hex/Tmut       0%         3d3       100%        5


Dungeon Overview and Level Annotations

Branches:
Dungeon (5/15)
 Temple: D:4-7

Altars:
Ashenzari
Kikubaaqudgha
Okawaru
Qazlal
Trog
Xom

Shops:
D:1 !


Innate Abilities, Weirdness & Mutations

You cannot be hasted, slowed, berserked, paralysed or teleported.
You can dig through walls and to a lower floor.
You have a pair of large antennae on your head. (SInv)
Your four strong arms can wield two-handed weapons with a shield.


Message History

The wyvern skeleton bites you!
You are too injured to fight recklessly!
You are too injured to fight recklessly!
You are too injured to fight recklessly!
You are too injured to fight recklessly!
You are too injured to fight recklessly!
You are too injured to fight recklessly!
You are too injured to fight recklessly!
You are too injured to fight recklessly!
You are too injured to fight recklessly!
You are too injured to fight recklessly!
You are too injured to fight recklessly!
You are too injured to fight recklessly!
You are too injured to fight recklessly!
You are too injured to fight recklessly!
You are too injured to fight recklessly!
You are too injured to fight recklessly!
You hit the wyvern skeleton but do no damage.
The wyvern skeleton is heavily damaged.
The wyvern skeleton bites you. The wyvern skeleton barely misses you.
The wyvern skeleton bites you but does no damage.
The wyvern skeleton bites you!
* * * LOW HITPOINT WARNING * * *
You hit the wyvern skeleton.
The wyvern skeleton is severely damaged.
The wyvern skeleton bites you.
* * * LOW HITPOINT WARNING * * *
The wyvern skeleton barely misses you.
Your chain mail prevents you from hitting the wyvern skeleton.
The wyvern skeleton is severely damaged.
The wyvern skeleton barely misses you.
You riposte.
You hit the wyvern skeleton.
The wyvern skeleton is severely damaged.
Your chain mail prevents you from hitting the wyvern skeleton.
The wyvern skeleton is severely damaged.
The wyvern skeleton bites you!
* * * LOW HITPOINT WARNING * * *
The wyvern skeleton closely misses you.
You feel better. The wyvern skeleton bites you!
You die...

###...##..#
+.......... .
#..........
.. #.........
.. #.........
#. #<..#
###..###..(##
.......Z....#
.......@....#
............#
.####.####+##
#? . .. ..
...


You could see a wyvern skeleton.

Vanquished Creatures
  A steam dragon (D:4)
  An ogre (D:4)
  A howler monkey (D:4)
  An orc priest (D:3)
  An iguana (D:4)
  2 orc wizards (D:4)
  Robin (D:3)
  4 gnolls (D:4)
  2 adder skeletons (D:4)
  A worm (D:2)
  5 orcs
  9 endoplasms
  4 giant cockroaches
  25 goblins
  9 hobgoblins
  3 jackals (D:3)
  3 kobolds
  4 quokkas
  5 ball pythons
  4 bats
  A frilled lizard (D:3)
  A quokka skeleton (D:4)
  2 rats
90 creatures vanquished.

Notes
Turn   | Place    | Note
-------+----------+-------------------------------------------
     0 | D:1      | Descartes the Formicid Wanderer began the quest for the
                  | Orb.
     0 | D:1      | Descartes set off with the following items: a +2 falchion,
                  | a potion of curing, 13 poisoned darts, a +0 dagger, a +0
                  | robe
     0 | D:1      | Reached XP level 1. HP: 21/21 MP: 1/1
   271 | D:1      | Found Voofuoh's Distillery.
   279 | D:1      | Reached XP level 2. HP: 28/28 MP: 2/2
   578 | D:1      | Reached XP level 3. HP: 34/34 MP: 3/3
   589 | D:1      | Reached skill level 6 in Fighting
  1968 | D:3      | Found a faded altar of an unknown god.
  2201 | D:3      | Reached XP level 4. HP: 40/40 MP: 4/4
  2225 | D:3      | Found an iron altar of Okawaru.
  2291 | D:3      | Found a stormy altar of Qazlal.
  2364 | D:3      | Found a shimmering altar of Xom.
  2456 | D:3      | Reached skill level 1 in Armour
  2606 | D:3      | Noticed Robin
  2657 | D:3      | Killed Robin
  3060 | D:3      | Reached XP level 5. HP: 26/46 MP: 5/5
  3477 | D:3      | Found an ancient bone altar of Kikubaaqudgha.
  3477 | D:3      | Found a bloodstained altar of Trog.
  3658 | D:4      | Noticed a steam dragon
  3674 | D:4      | Killed a steam dragon
  3675 | D:4      | Reached XP level 6. HP: 5/53 MP: 6/6
  4013 | D:4      | Noticed an ogre
  4029 | D:4      | Killed an ogre
  4030 | D:4      | Reached XP level 7. HP: 46/59 MP: 7/7
  5244 | D:4      | Found a broken altar of Ashenzari.
  5545 | D:5      | Entered Level 5 of the Dungeon
  5557 | D:5      | HP: 2/59 [wyvern skeleton (11)]
  5558 | D:5      | Slain by a wyvern skeleton

Illustrated notes

Levels and vault maps discovered:
D:1:      psy_arrival_conway, layout_basic, serial_shops, shop
D:2:      layout_basic
D:3:      kennysheep_goblin_castle, layout_loops_cross, lemuel_doored_altar,
          mainiacjoe_overflow_small_starburst, okawaru_gym_becter,
          gammafunk_temple_overflow_wave, basic_ecumenical_altar
D:4:      layout_layer_cave, cheibrodos_ashenzari_chains
D:5:      layout_gridville, amcnicky_altar_gilded,
          minmay_temple_entry_junction_2, roderic_roman_lattice

Skill      XL: |  1  2  3  4  5  6  7 |
---------------+----------------------+-----
Fighting       | 6 |  6.8
Stealth        | 4 |  4.2
Long Blades    | 2 3 4 |  4.7
Armour         | 1 3 4 |  4.1
Throwing       | |  1.0
Dodging        | |  0.2

Action                   |  1- 3 |  4- 6 |  7- 9 || total
-------------------------+-------+-------+-------++-------
Melee: Falchion          |    90 |    96 |    88 ||   274
 Abil: Dig               |       |     8 |       ||     8
  Use: Potion            |       |       |     1 ||     1
 Stab: Sleeping          |     6 |       |       ||     6
Armor: Robe              |     8 |       |       ||     8
       Chain mail        |    26 |    74 |    52 ||   152
       Scale mail        |     5 |       |       ||     5
Dodge: Dodged            |    40 |    43 |    40 ||   123
       Rpst.: Falchion   |    14 |    21 |    13 ||    48
